 Dungeon Crawl Stone Soup version 0.22-a0-409-gb855193 (webtiles) character file.

127 Moebius the Conjurer (level 4, 0/35 HPs)
             Began as a Draconian Conjurer on May 10, 2018.
             Killed from afar by Sigmund (7 damage)
             ... with a puff of flame
             ... on level 2 of the Dungeon.
             The game lasted 00:11:44 (2410 turns).

Moebius the Conjurer (Draconian Conjurer)           Turns: 2410, Time: 00:11:45

Health: 0/35       AC:  5    Str: 11    XL:     4   Next: 85%
Magic:  3/8        EV: 12    Int: 21    God:
Gold:   77         SH:  0    Dex: 11    Spells: 0/8 levels left

rFire    . . .     SeeInvis .   c - +0 hand axe
rCold    . . .     Gourm    .   (no shield)
rNeg     . . .     Faith    .   (armour unavailable)
rPois    .         Spirit   .   (helmet restricted)
rElec    .         Reflect  .   (no cloak)
rCorr    .         Harm     .   (no gloves)
MR       .....                  (no boots)
Stlth    ++........             (no amulet)
HPRegen  0.11/turn              (no ring)
MPRegen  0.11/turn              (no ring)

@: brilliant, flying, hasted, very quick
A: unfitting armour, cold-blooded, AC +5
a: no special abilities


You were on level 2 of the Dungeon.
You were hungry.

You visited 1 branch of the dungeon, and saw 3 of its levels.

You collected 77 gold pieces.

Inventory:

Hand Weapons
 c - a +0 hand axe (weapon)
Missiles
 i - 9 poisoned needles
Scrolls
 a - 2 scrolls of teleportation {unknown}
 d - a scroll of identify {unknown}
 e - a scroll of fear {unknown}
 g - a scroll of magic mapping {unknown}
Potions
 f - a potion of brilliance
 j - a potion of flight
Comestibles
 b - 4 rations


   Skills:
 + Level 1.0 Fighting
 + Level 1.6 Axes
 - Level 1.7 Dodging
 - Level 1.7 Stealth
 + Level 2.7 Spellcasting
 + Level 5.3 Conjurations
 + Level 0.1 Hexes


You couldn't memorise any spells.
You knew the following spells:

 Your Spells              Type           Power        Failure   Level  Hunger
a - Magic Dart            Conj           ####         1%          1    None
b - Dazzling Spray        Conj/Hex       ####..       1%          3    ###....
c - Iskenderun's Mystic   Conj           #####...     1%          4    ####...


Dungeon Overview and Level Annotations

Branches:
Dungeon (3/15)

Altars:

Annotations:
D:2 Sigmund


Innate Abilities, Weirdness & Mutations

Your plain brown scales are hard. (AC +5)
You cannot fit into any form of body armour.
You are cold-blooded and may be slowed by cold attacks.


Message History

You feel clever all of a sudden. Sigmund hits you but does no damage.
You're too confused to cast spells.
It was a potion of haste.
You feel yourself speed up.
Sigmund says, "Now you see me, now you don't..."
Sigmund closely misses you.
You're too confused to cast spells.
Sigmund casts a spell.
Sigmund flickers and vanishes!
You see here a club.
You're too confused to move!
Something hits you. Something hits you.
* * * LOW HITPOINT WARNING * * *
It was a potion of flight.
You feel very buoyant.
You fly up into the air.
You feel less confused.
A puff of flame appears from out of thin air!
The puff of flame hits you!
You die...

...#.# #.#..###
.<##.####...>###
..##...........####
..#...............#
..................#
..#...............#
.....[............#
.................<#
>...<......(....@.#
..................#
.......(..........#
....).......).....#
.......#..........#
.......###..###.###
.......# ##.###.#
######## #..##.#
##....#


There were no monsters in sight!

Vanquished Creatures
  8 adders
  2 worms (D:2)
  3 dart slugs
  3 leopard geckos
  A giant cockroach (D:1)
  4 goblins
  3 hobgoblins
  A quokka (D:2)
  A ball python (D:2)
  5 bats
  2 frilled lizards (D:2)
  12 kobolds
  2 rats
47 creatures vanquished.

Notes
Turn   | Place    | Note
-------+----------+-------------------------------------------
     0 | D:1      | Moebius the Draconian Conjurer began the quest for the Orb.
     0 | D:1      | Reached XP level 1. HP: 14/14 MP: 3/3
    66 | D:1      | Reached XP level 2. HP: 9/20 MP: 0/5
   906 | D:1      | Reached XP level 3. HP: 18/27 MP: 0/6
   913 | D:1      | Learned a level 3 spell: Dazzling Spray
  1287 | D:2      | Reached skill level 5 in Conjurations
  1349 | D:1      | Reached skill level 1 in Axes
  1414 | D:1      | Reached XP level 4. HP: 27/34 MP: 0/7
  1710 | D:2      | Reached skill level 1 in Fighting
  1716 | D:2      | Learned a level 4 spell: Iskenderun's Mystic Blast
  2090 | D:2      | Noticed Sigmund
  2410 | D:2      | Killed from afar by Sigmund

Vault maps used:
D:1:      dpeg_arrival_simpleton_b
D:2:      yredelemnul_altar_generic, uniq_sigmund

Skill      XL: |  1  2  3  4 |
---------------+-------------+-----
Conjurations   | 5 |  5.3
Axes           | 1 |  1.6
Fighting       | 1 |  1.0
Dodging        | |  1.7
Stealth        | |  1.7
Spellcasting   | |  2.7
Hexes          | |  0.1

Action                   |  1- 3 |  4- 6 || total
-------------------------+-------+-------++-------
Melee: Hand axe          |    43 |    33 ||    76
       Tailslap          |     5 |     1 ||     6
 Cast: Magic Dart        |    41 |    39 ||    80
       Dazzling Spray    |     4 |     7 ||    11
  Use: Potion            |       |     3 ||     3
  Eat: Chunk             |     1 |     2 ||     3
       Ration            |     1 |       ||     1
Armor: Skin              |    17 |    12 ||    29
Dodge: Dodged            |    47 |    21 ||    68

Table legend:
 A = Spawn XP
 B = Non-spawn XP
 C = Spawn XP percentage of total XP
 D = Spawn monster count
 E = Non-spawn monster count
 F = Spawn count percentage of total count
 G = Total turns spent on level
                    A         B        C        D         E        F      G
               +---------+---------+-------+---------+---------+-------+---------
         Total |       0 |     182 |   0.0 |       0 |      47 |   0.0 |  2410
               +---------+---------+-------+---------+---------+-------+---------
           D:1 |       0 |      86 |   0.0 |       0 |      23 |   0.0 |  1759
           D:2 |       0 |      91 |   0.0 |       0 |      22 |   0.0 |   626
           D:3 |       0 |       5 |   0.0 |       0 |       2 |   0.0 |    25
               +---------+---------+-------+---------+---------+-------+---------
